 Dungeon Crawl Stone Soup version 0.30-a0-1163-gf69bf04e7a (webtiles) character file.

Game seed: 2247058063706524271

759 themarg the Summoner (level 7, -5/46 HPs)
             Began as a Merfolk Summoner on Apr 28, 2023.
             Slain by Blork the orc
             ... wielding a +0 trident
              (11 damage)
             ... on level 5 of the Dungeon.
             The game lasted 00:12:42 (5528 turns).

themarg the Summoner (Merfolk Summoner)             Turns: 5528, Time: 00:12:43

Health: -5/46      AC:  5    Str:  8    XL:     7   Next: 80%
Magic:  3/10       EV: 12    Int: 17    God:
Gold:   243        SH:  0    Dex: 14    Spells: 4/10 levels left

rFire   . . .        E - +0 spear (spect)
rCold   . . .        (no shield)
rNeg    . . .        a - +0 robe
rPois   .            w - +2 helmet
rElec   .            (no cloak)
rCorr   .            (no gloves)
SInv    .            (no boots)
Will    .....        (no amulet)
Stlth   ++           c - ring of wizardry
HPRegen 0.27/turn    (no ring)
MPRegen 0.12/turn

%: wizardry (x1)
@: no status effects
A: (nimble swimmer 2), mertail
a: no special abilities


You were on level 5 of the Dungeon.
You visited 1 branch of the dungeon, and saw 5 of its levels.

You collected 243 gold pieces.

Inventory:

Hand Weapons
 E - a +0 spectral spear (weapon)
Missiles
 g - 45 stones
 i - 7 boomerangs
 x - 3 poisoned darts
Armour
 a - a +0 robe (worn)
 w - a +2 helmet (worn)
Jewellery
 c - a ring of wizardry (left hand)
 B - an amulet of faith
Scrolls
 d - a scroll of butterflies {unknown}
 e - 3 scrolls of fear {unknown}
 h - a scroll of blinking {unknown}
 j - 2 scrolls of vulnerability
 k - 2 scrolls of teleportation {unknown}
 n - a scroll of fog {unknown}
 q - 2 scrolls of magic mapping
 s - a scroll of enchant weapon {unknown}
 t - a scroll of amnesia {unknown}
 y - a scroll of poison {unknown}
 C - a scroll of enchant armour {unknown}
 D - a scroll of identify
Potions
 b - a potion of magic
 f - 2 potions of ambrosia
 m - 3 potions of curing
 p - a potion of berserk rage
 r - 2 potions of lignification
 v - 2 potions of degeneration {unknown}
 z - a potion of might {unknown}
 A - a potion of attraction {unknown}


   Skills:
 - Level 2.6 Dodging
 - Level 2.1 Stealth
 - Level 2.0 Spellcasting
 + Level 9.4 Summonings


You had 4 spell levels left.
You knew the following spells:

 Your Spells              Type           Power      Damage    Failure   Level
a - Summon Small Mammal   Summ           100%       N/A       1%          1
b - Call Imp              Summ           66%        N/A       1%          2
c - Call Canine Familiar  Summ           33%        N/A       1%          3

Your spell library contained the following spells:

 Spells                   Type           Power      Damage    Failure   Level
 Summon Guardian Golem    Hex/Summ       17%        N/A       3%          3
 Freeze                   Ice            4%         1d3       8%          1
 Sublimation of Blood     Necr           1%         N/A       12%         2
 Wereblood                Tmut           1%         N/A       12%         2
 Summon Ice Beast         Ice/Summ       17%        N/A       12%         4
 Summon Lightning Spire   Summ/Air       17%        N/A       12%         4
 Frozen Ramparts          Ice            2%         1d1       22%         3
 Hailstorm                Conj/Ice       1%         3d3       22%         3
 Tukima's Dance           Hex            1%         N/A       22%         3
 Ice Form                 Ice/Tmut       1%         N/A       56%         4
 Passage of Golubria      Tloc           1%         N/A       56%         4
 Summon Hydra             Summ           16%        N/A       77%         7
 Yara's Violent Unravell  Hex/Tmut       0%         3d3       88%         5


Dungeon Overview and Level Annotations

Branches:
Dungeon (5/15)
 Temple: D:4-7

Altars:
Gozag
Kikubaaqudgha
Makhleb
Okawaru
Xom
The Shining One

Shops:
D:4 [

Annotations:
D:3 2 transporters
D:5 1 runed translucent door, Blork the orc, Crazy Yiuf


Innate Abilities, Weirdness & Mutations

((You are very nimble when in or above water. (Stealth+, EV+, Speed+++)))
Your lower body shifts to a powerful aquatic tail in water.


Message History

Your hound dies!
Your hound's corpse disappears in a puff of smoke!
Reach: E) +0 spear (spect)
Press: ? - help, Dir - move target, f/p - Blork the orc
Aim: Blork the orc, wielding a +0 trident and wearing a +0 robe (heavily wounded, fast, ally target, about 36% to evade your +0 spectral spear)
You reach to attack!
You hit Blork the orc.
Blork the orc is heavily wounded.
Your +0 spectral spear closely misses Blork the orc.
Blork the orc gestures at you while chanting.
The puff of flame hits you!
Your cerulean imp hits Blork the orc from afar with a -1 spear.
Blork the orc casts a spell at you. The puff of flame hits you!
Reach: E) +0 spear (spect)
Press: ? - help, Dir - move target, f/p - Blork the orc
Aim: Blork the orc, wielding a +0 trident and wearing a +0 robe (heavily wounded, fast, ally target, about 36% to evade your +0 spectral spear)
You reach to attack!
You barely miss Blork the orc.
Blork the orc is heavily wounded.
Your +0 spectral spear barely misses Blork the orc.
Blork the orc looks braver for a moment.
Your cerulean imp closely misses Blork the orc.
Your +0 spectral spear disappears.
Blork the orc barely misses you.
Your cerulean imp hits Blork the orc from afar with a -1 spear.
Blork the orc hits you from afar with a +0 trident!
* * * LOW HITPOINT WARNING * * *
You swap places.
Blork the orc hits you but does no damage.
Your cerulean imp barely misses Blork the orc.
Reach: E) +0 spear (spect)
Press: ? - help, Dir - move target, f/p - Blork the orc
Aim: Blork the orc, wielding a +0 trident and wearing a +0 robe (severely wounded, fast, ally target, about 36% to evade your +0 spectral spear)
You reach to attack!
You hit Blork the orc.
Blork the orc is severely wounded.
Your +0 spectral spear closely misses Blork the orc.
Blork the orc hits you from afar with a +0 trident.
* * * LOW HITPOINT WARNING * * *
Your cerulean imp hits Blork the orc but does no damage.
Blork the orc hits you from afar with a +0 trident!
You die...

.........# #......#
#.
########.###......##
#. ..# #...........#
##
#.#########........#
...#....<.[.......)#
##
####.###.##........#
#. #.##........# #.
#.##......h.# ##
#.#######@###.#
.........5(o..#
#.........#####
###########


You could see Blork the orc (fast, ally target), a friendly +0 spectral spear, a
friendly hound (summoned) and a friendly cerulean imp (summoned).

Vanquished Creatures
  3 hounds
  2 gnolls (D:5)
  5 orcs
  2 bats
  A hobgoblin (D:1)
  A jackal (D:3)
  A quokka (D:1)
  A ball python (D:4)
  2 rats
18 creatures vanquished.

Vanquished Creatures (collateral kills)
  An ice beast (D:5)
  A scorpion (D:4)
  A crimson imp (D:3)
  5 hounds
  A gnoll bouda (D:5)
  A sleepcap (D:5)
  An orc wizard (D:5)
  8 gnolls (D:5)
  6 adders
  An ufetubus (D:5)
  A worm (D:2)
  3 dart slugs
  7 orcs
  6 bats
  6 endoplasms
  A giant cockroach (D:4)
  2 goblins
  3 hobgoblins
  9 jackals
  2 quokkas
  7 ball pythons
  2 frilled lizards
  4 kobolds
  A rat (D:1)
80 creatures vanquished.

Vanquished Creatures (others)
  22 plants (D:1)
22 creatures vanquished.

Grand Total: 120 creatures vanquished

Notes
Turn   | Place    | Note
-------+----------+-------------------------------------------
     0 | D:1      | themarg the Merfolk Summoner began the quest for the Orb.
     0 | D:1      | Reached XP level 1. HP: 13/13 MP: 3/3
   119 | D:1      | Found a faded altar of an unknown god.
   290 | D:1      | Reached XP level 2. HP: 14/19 MP: 3/5
   293 | D:1      | Learned a level 2 spell: Call Imp
  1202 | D:2      | Reached XP level 3. HP: 24/24 MP: 3/6
  1310 | D:2      | Reached skill level 5 in Summonings
  1529 | D:2      | Learned a level 3 spell: Call Canine Familiar
  1810 | D:2      | Reached XP level 4. HP: 30/30 MP: 5/7
  2417 | D:3      | Found a shimmering altar of Xom.
  2417 | D:3      | Found a burning altar of Makhleb.
  2439 | D:3      | Reached skill level 6 in Summonings
  2671 | D:3      | Found a transporter.
  2803 | D:3      | Reached XP level 5. HP: 35/35 MP: 2/8
  2982 | D:3      | Found a transporter.
  3534 | D:4      | Found Tiegess's Antique Armour Emporium.
  3633 | D:4      | Reached skill level 7 in Summonings
  3633 | D:4      | Reached XP level 6. HP: 41/41 MP: 4/9
  4179 | D:4      | Found a glowing golden altar of the Shining One.
  4471 | D:5      | Entered Level 5 of the Dungeon
  4474 | D:5      | Noticed an ice beast
  4488 | D:4      | Reached skill level 8 in Summonings
  4618 | D:5      | Reached XP level 7. HP: 46/46 MP: 5/10
  4685 | D:5      | Found an opulent altar of Gozag.
  4887 | D:5      | Found an ancient bone altar of Kikubaaqudgha.
  4965 | D:5      | Reached skill level 9 in Summonings
  5377 | D:5      | Found a runed translucent door.
  5378 | D:5      | Noticed Crazy Yiuf
  5409 | D:5      | Found an iron altar of Okawaru.
  5518 | D:5      | Noticed Blork the orc
  5528 | D:5      | Slain by Blork the orc

Illustrated notes

Levels and vault maps discovered:
D:1:      spicycebolla_arrival_clurvy, layout_basic, basic_ecumenical_altar
D:2:      layout_loops_ring
D:3:      gammafunk_steamed_eel, layout_basic,
          grunt_temple_overflow_champion_of_chaos
D:4:      layout_gridville, tso_altar, serial_shops,
          nicolae_shop_just_a_little_nook
D:5:      layout_basic, nicolae_overflow_crystal_walls,
          hellmonk_okawaru_the_only_friend_you_need, general_overflow_altar,
          uniq_blork_the_orc, uniq_crazy_yiuf_cottage

Skill      XL: |  1  2  3  4  5  6  7 |
---------------+----------------------+-----
Summonings     | 5 6 7 8 9 |  9.4
Dodging        | |  2.6
Stealth        | |  2.1
Spellcasting   | |  2.0

Action                     |  1- 3 |  4- 6 |  7- 9 || total
---------------------------+-------+-------+-------++-------
  Melee: Unarmed           |    16 |       |       ||    16
         Short sword       |     8 |       |       ||     8
         Dagger            |     1 |     1 |       ||     2
         Trident           |       |    67 |    28 ||    95
         Punch             |       |     3 |       ||     3
         Spear             |       |       |     4 ||     4
   Cast: Summon Small Mamm |    40 |    12 |     1 ||    53
         Call Imp          |    16 |    14 |     6 ||    36
         Call Canine Famil |     1 |    23 |    11 ||    35
    Use: Scroll            |       |     6 |       ||     6
         Potion            |       |     1 |       ||     1
   Stab: Distracted        |       |     1 |       ||     1
 Armour: Robe              |     6 |    10 |     8 ||    24
  Dodge: Dodged            |    19 |    29 |    17 ||    65

Table legend: (Time is in decaauts)
 A = Elapsed time spent in this place.
 B = Non-inter-level travel time spent in this place.
 C = Inter-level travel time spent in this place.
 D = Time resting spent in this place.
 E = Time spent auto-exploring this place.
 F = Levels seen in this place.
 G = Mean time per level.
                   A        B        C        D        E       F      G
               +--------+--------+--------+--------+--------+-----+--------+
         Total |   5564 |   5422 |    142 |     55 |   4437 |   5 | 1112.8 |
       Dungeon |   5564 |   5422 |    142 |     55 |   4437 |   5 | 1112.8 |
               +--------+--------+--------+--------+--------+-----+--------+

Top non-repeatable levels by time:
     D:4: 1296 daAuts
     D:1: 1129 daAuts
     D:2: 1073 daAuts
     D:3: 1054 daAuts
     D:5: 1010 daAuts
